 Dungeon Crawl Stone Soup version 0.20.0-4-g10b340a (webtiles) character file.

781 tv1990 the Ruffian (level 7, -11/71 HPs)
             Began as a Troll Monk on May 27, 2017.
             Mangled by a gnoll
             ... wielding a +0 halberd
              (15 damage)
             ... on level 5 of the Dungeon.
             The game lasted 00:12:33 (3322 turns).

tv1990 the Ruffian (Troll Monk)                     Turns: 3322, Time: 00:12:34

Health: -11/71     AC:  7    Str: 20    XL:     7   Next: 55%
Magic:  6/6        EV: 10    Int:  6    God:
Gold:   235        SH:  0    Dex: 14    Spells: 6/6 levels left

rFire    . . .     SeeInvis .     - Unarmed
rCold    . . .     Gourm    +   (no shield)
rNeg     . . .     Faith    .   a - +0 robe
rPois    .         Spirit   .   (helmet restricted)
rElec    .         Reflect  .   c - +1 cloak
rCorr    .         Harm     .   (gloves unavailable)
MR       .....                  (boots unavailable)
Stlth    ++........             (no amulet)
Regen    0.7/turn               (no ring)
MPRegen  0.1/turn               (no ring)

@: no status effects
A: unfitting armour, claws 3, fast metabolism 3, gourmand, regeneration 1,
shaggy fur 1, tough skin 2
a: no special abilities


You were on level 5 of the Dungeon.
You were very full.

You visited 1 branch of the dungeon, and saw 5 of its levels.

You collected 235 gold pieces.

Inventory:

Hand Weapons
 n - a +2 halberd of protection
Armour
 a - a +0 robe (worn)
 c - a +1 cloak (worn)
Scrolls
 h - a scroll of teleportation
 i - 2 scrolls of identify
 j - 2 scrolls of enchant weapon
 k - a scroll of immolation {unknown}
 m - a scroll of magic mapping {unknown}
Potions
 e - 3 potions of flight
 g - 4 potions of curing
 l - a potion of cancellation
Comestibles
 b - 4 bread rations
 d - 2 chunks of flesh
 f - 6 meat rations
 p - a royal jelly


   Skills:
 + Level 4.7 Fighting
 - Level 2.4 Dodging
 + Level 3.1 Stealth
 + Level 5.7 Unarmed Combat


You had 6 spell levels left.
You didn't know any spells.

Dungeon Overview and Level Annotations

Branches:
Dungeon (5/15)             Temple (0/1) D:4

Altars:
Cheibriados
Okawaru
Ru

Annotations:
D:3 Blork the orc


Innate Abilities, Weirdness & Mutations

You are too large for most types of armour.
You have claws for hands.
Your metabolism is lightning-fast.
You like to eat raw meat.
Your natural rate of healing is unusually fast.
You are covered in fur. (AC +1)
You have very tough skin. (AC +2)


Message History

You claw the gnoll!
You kill the gnoll!
The gnoll hits you from afar with a halberd!
* * * LOW HITPOINT WARNING * * *
The gnoll completely misses you. The gnoll barely misses you.
Items here: ) [[ †† a chain mail; a club; a leather armour; a gnoll corpse; an orc corpse You scratch the gnoll but do no damage.
The gnoll hits you with a halberd!
* * * LOW HITPOINT WARNING * * *
You claw the gnoll!
The gnoll is heavily wounded.
The gnoll hits you with a halberd!
* * * LOW HITPOINT WARNING * * *
The gnoll closely misses you.
You completely miss the gnoll. You claw the gnoll, but do no damage.
The gnoll is heavily wounded.
The gnoll hits you with a halberd!
* * * LOW HITPOINT WARNING * * *
The gnoll hits you with a halberd!
You die...

...........##
.......
.........#..#
.......
.........#..#
.......
.........#..##
....$..
.......).....#
.......
........##....#
.......
#.........#)...?..
#.........#.#..##.
#.......)@#.##.#
#.......gg..##.#
#............# .
#..........#... .
#######(###.####..
#.....#)###.#####.
#................
#.....#o.<...##
#######......#


You could see 2 gnolls.

Vanquished Creatures
  An ogre (D:4)
  A howler monkey (D:4)
  4 orc priests
  A hound (D:5)
  A centaur skeleton (D:4)
  4 orc wizards
  An iguana (D:3)
  4 worker ants (D:4)
  A hound skeleton (D:4)
  6 gnolls
  5 adders
  6 worms
  4 dart slugs
  4 leopard geckos
  22 orcs
  3 ball pythons (D:3)
  9 bats
  3 giant cockroaches
  5 goblins
  15 hobgoblins
  3 jackals (D:2)
  3 kobolds
  4 quokkas
  3 frilled lizards
  8 rats
121 creatures vanquished.

Notes
Turn   | Place    | Note
-------+----------+-------------------------------------------
     0 | D:1      | tv1990 the Troll Monk began the quest for the Orb.
     0 | D:1      | Reached XP level 1. HP: 22/22 MP: 0/0
   228 | D:1      | Reached XP level 2. HP: 22/29 MP: 1/1
   438 | D:1      | Reached XP level 3. HP: 37/37 MP: 2/2
   703 | D:2      | Found a faded altar of an unknown god.
   926 | D:2      | Found a sacrificial altar of Ru.
   942 | D:2      | Reached XP level 4. HP: 39/45 MP: 3/3
  1017 | D:2      | Found a snail-covered altar of Cheibriados.
  1419 | D:2      | Found an iron altar of Okawaru.
  1878 | D:3      | Reached XP level 5. HP: 52/53 MP: 4/4
  1988 | D:3      | Reached skill level 4 in Unarmed Combat
  2223 | D:3      | Noticed Blork the orc
  2360 | D:4      | Reached XP level 6. HP: 44/62 MP: 5/5
  2651 | D:4      | Reached skill level 5 in Unarmed Combat
  2666 | D:4      | Reached XP level 7. HP: 59/71 MP: 6/6
  2831 | D:4      | Found a staircase to the Ecumenical Temple.
  3244 | D:5      | Entered Level 5 of the Dungeon
  3322 | D:5      | Mangled by a gnoll

Skill      XL: |  1  2  3  4  5  6  7 |
---------------+----------------------+-----
Fighting       | 3 4 |  4.7
Unarmed Combat | 4 5 |  5.7
Stealth        | 2 3 |  3.1
Dodging        | |  2.4

Action                   |  1- 3 |  4- 6 |  7- 9 || total
-------------------------+-------+-------+-------++-------
Melee: Unarmed           |    73 |   155 |    84 ||   312
       Punch             |       |     1 |     4 ||     5
  Use: Scroll            |       |    14 |     1 ||    15
       Potion            |       |     3 |     1 ||     4
 Stab: Sleeping          |     3 |     6 |       ||     9
  Eat: Chunk             |    14 |    16 |     5 ||    35
Armor: Robe              |    20 |    53 |    23 ||    96
Dodge: Dodged            |    36 |    78 |    41 ||   155

Vault maps used:
D:1:      saegor_arrival_simple_c, minmay_tall_x
D:2:      nicolae_overflow_crystal_walls, kennysheep_slug_shrine,
          chequers_ecumenical_altar_simple, kennysheep_okawaru_gauntlet
D:3:      tgw_sif, kennysheep_generic_room_8
D:4:      minmay_temple_entry_large_hall, first_bread, mrwooster_statue_mirror
